 Dungeon Crawl Stone Soup version 0.27-a0-1081-ge8a0a9c698 (webtiles) character file.

Game seed: 13703171342869643946

74 spiderkeys the Grave Robber (level 4, -4/32 HPs)
             Began as a Formicid Necromancer on Apr 26, 2021.
             Slain by Natasha (6 damage)
             ... on level 2 of the Dungeon.
             The game lasted 00:06:01 (2751 turns).

spiderkeys the Grave Robber (Formicid Necromancer)  Turns: 2751, Time: 00:06:02

Health: -4/32      AC:  6    Str: 12    XL:     4   Next: 52%
Magic:  1/7        EV: 10    Int: 16    God:
Gold:   57         SH:  0    Dex: 11    Spells: 6/7 levels left

rFire    . . .     SeeInvis +   e - +0 spear
rCold    . . .     Faith    .   (no shield)
rNeg     . . .     Spirit   .   o - +0 ring mail
rPois    .         Reflect  .   (helmet unavailable)
rElec    .         Harm     .   m - +0 cloak
rCorr    .         Rampage  .   (no gloves)
Will     .....                  (no boots)
Stlth    +.........             (no amulet)
HPRegen  0.10/turn              (no ring)
MPRegen  0.10/turn              (no ring)

@: no status effects
A: permanent stasis, dig shafts and tunnels, antennae 3, four strong arms
a: Dig, Shaft Self


You were on level 2 of the Dungeon.
You visited 1 branch of the dungeon, and saw 2 of its levels.

You collected 57 gold pieces.


Innate Abilities, Weirdness & Mutations

You cannot be hasted, slowed, berserked, paralysed or teleported.
You can dig through walls and to a lower floor.
You have a pair of large antennae on your head. (SInv)
Your four strong arms can wield two-handed weapons with a shield.


   Skills:
 + Level 1.6 Fighting
 * Level 2.0 Polearms
 + Level 1.7 Armour
 - Level 1.7 Dodging
 - Level 2.4 Stealth
 - Level 2.1 Spellcasting
 + Level 4.4 Necromancy


You had 6 spell levels left.
You knew the following spells:

 Your Spells              Type           Power      Damage    Failure   Level
p - Pain                  Necr           60%        1d7       8%          1

Your spell library contained the following spells:

 Spells                   Type           Power      Damage    Failure   Level
 Animate Skeleton         Necr           30%        N/A       8%          1
 Vampiric Draining        Necr           7%         2d7       22%         3
 Animate Dead             Necr           7%         N/A       58%         4
 Agony                    Necr           15%        N/A       90%         5
 Borgnjor's Vile Clutch   Necr/Erth      4%         N/A       99%         5
 Death Channel            Necr           7%         N/A       100%        6
 Simulacrum               Ice/Necr       4%         N/A       100%        6

Inventory:

Hand Weapons
 e - a +0 spear (weapon)
   (You found it on level 1 of the Dungeon)
Missiles
 c - 6 boomerangs
 f - 36 poisoned darts
 i - 19 arrows
 j - 55 stones
 n - 27 bolts
Armour
 m - a +0 cloak (worn)
   (You found it on level 1 of the Dungeon)
 o - a +0 ring mail (worn)
   (You found it on level 2 of the Dungeon)
Scrolls
 g - a scroll of enchant weapon {unknown}
 k - a scroll of fear {unknown}
 l - a scroll of noise {unknown}
Potions
 b - a potion of attraction {!q}
 d - a potion of lignification {unknown}
 h - a potion of mutation {unknown}

Dungeon Overview and Level Annotations

Branches:
Dungeon (2/15)

Altars:

Annotations:
D:2 Natasha

#....≈≈≈...#.######
.###..≈).#..#.....#
###...####.####.#
..##.## #.# #.#
#....# ###.####.###
#.### #<....##.##.
#. #.###.†.....
#h######.# #...[...
#5@......###.....#.
########.......#...
#.##.#.#.##.
#.##.#.##.)#
#.##.#.###..
#.##.....†..
#.##.#......
#.##.####### #.†..#


You could see Natasha and a shadow imp (summoned).


Message History

😕 HP[-3]
You take 3 damage, and now have 29/32 hp.
You hit the hobgoblin.
You kill the hobgoblin!
You hit the rat. The rat barely misses you.
You hit the rat.
You kill the rat!
No target in view!
No target in view!
You see here a rat corpse.
Found a stone staircase leading up.
Natasha, Servant of Life and Death comes into view.
Natasha hisses angrily.
There is a stone staircase leading up here. 😎 HP[+3]
Your hp is fully restored (32).
You closely miss Natasha. Natasha claws you. 😕 HP[-2]
You take 2 damage, and now have 30/32 hp.
You completely miss Natasha.
Natasha casts a spell.
You hit Natasha but do no damage. Natasha closely misses you.
The shadow imp hits you but does no damage.
Your ring mail prevents you from hitting Natasha.
Natasha claws you but does no damage. The shadow imp gestures at you.
Pain shoots through your body! 😕 HP[-4]
You take 4 damage, and now have 26/32 hp.
You hit Natasha but do no damage. Natasha claws you!
The shadow imp closely misses you. 😮 HP[-7]
You take 7 damage, and now have 19/32 hp.
MASSIVE DAMAGE!! (PAUSE)
Casting: Pain (safe; 8% risk of failure)
Confirm with . or Enter, or press ? or * to list all spells.
Aiming: Pain (safe; 8% risk of failure)
Press: ? - help, Shift-Dir - straight line, f - Natasha
Aim: Natasha (chance to affect: 73%) Natasha struggles to resist.
Natasha closely misses you.
The shadow imp hits you. 😮 HP[-2] MP[-1]
You take 2 damage, and now have 17/32 hp.
You lost 1 mp, and now have 6/7 mp.
Unknown command.
Casting: Pain (safe; 8% risk of failure)
Confirm with . or Enter, or press ? or * to list all spells.
Aiming: Pain (safe; 8% risk of failure)
Press: ? - help, Shift-Dir - straight line, f/p - Natasha
Aim: Natasha (chance to affect: 73%) Natasha writhes in agony!
Natasha stares at you and mumbles some strange words.
The magic dart hits you!
* * * LOW HITPOINT WARNING * * *
The shadow imp hits you.
* * * LOW HITPOINT WARNING * * *
😱 HP[-10] MP[-1]
You take 10 damage, and now have 7/32 hp.
MASSIVE DAMAGE!! (PAUSE)
You lost 1 mp, and now have 5/7 mp.
Casting: Pain (safe; 8% risk of failure)
Confirm with . or Enter, or press ? or * to list all spells.
Aiming: Pain (safe; 8% risk of failure)
Press: ? - help, Shift-Dir - straight line, f/p - Natasha
Aim: Natasha (heavily wounded, chance to affect: 73%) Natasha writhes in agony.
Natasha claws you but does no damage. The shadow imp hits you.
* * * LOW HITPOINT WARNING * * *
😱 HP[-2] MP[-1]
You take 2 damage, and now have 5/32 hp.
You lost 1 mp, and now have 4/7 mp.
Unknown command.
Casting: Pain (safe; 8% risk of failure)
Confirm with . or Enter, or press ? or * to list all spells.
Aiming: Pain (safe; 8% risk of failure)
Press: ? - help, Shift-Dir - straight line, f/p - Natasha
Aim: Natasha (heavily wounded, chance to affect: 73%) Natasha writhes in agony.
Natasha barely misses you.
The shadow imp hits you but does no damage. 😱 HP[-1] MP[-1]
You take 1 damage, and now have 4/32 hp.
You lost 1 mp, and now have 3/7 mp.
Unknown command.
Casting: Pain (safe; 8% risk of failure)
Confirm with . or Enter, or press ? or * to list all spells.
Aiming: Pain (safe; 8% risk of failure)
Press: ? - help, Shift-Dir - straight line, f/p - Natasha
Aim: Natasha (severely wounded, chance to affect: 73%) Natasha writhes in agony.
Natasha misses you.
The shadow imp completely misses you. 😱 HP[-1] MP[-1]
You take 1 damage, and now have 3/32 hp.
You lost 1 mp, and now have 2/7 mp.
Casting: Pain (safe; 8% risk of failure)
Confirm with . or Enter, or press ? or * to list all spells.
Aiming: Pain (safe; 8% risk of failure)
Press: ? - help, Shift-Dir - straight line, f/p - Natasha
Aim: Natasha (severely wounded, chance to affect: 73%) Natasha writhes in agony.
Natasha claws you.
You die...

Skill      XL: |  1  2  3  4 |
---------------+-------------+-----
Fighting       | 1 |  1.6
Polearms       | 1 2 |  2.0
Armour         | 1 |  1.7
Dodging        | |  1.7
Stealth        | |  2.4
Spellcasting   | |  2.1
Necromancy     | |  4.4

Action                   |  1- 3 |  4- 6 || total
-------------------------+-------+-------++-------
Melee: Spear             |    37 |    19 ||    56
 Cast: Pain              |    53 |    19 ||    72
  Use: Scroll            |     2 |       ||     2
 Stab: Sleeping          |     1 |       ||     1
Armor: Robe              |    12 |       ||    12
       Ring mail         |       |     8 ||     8
Dodge: Dodged            |    36 |    11 ||    47

Levels and vault maps discovered:
D:1:      wander_arrival_estate, layout_loops_ring,
          wander_ebering_terrifying_dragon_lair
D:2:      layout_loops_ring, amcnicky_mini_pool_small, uniq_robin, uniq_natasha

Notes
Turn   | Place    | Note
-------+----------+-------------------------------------------
     0 | D:1      | spiderkeys the Formicid Necromancer began the quest for the
                  | Orb.
     0 | D:1      | Reached XP level 1. HP: 13/13 MP: 3/3
     0 | D:1      | magus.rc [v1.9.10]
   287 | D:1      | Reached XP level 2. HP: 17/20 MP: 1/5
   700 | D:1      | Reached skill level 1 in Fighting
   700 | D:1      | Reached skill level 1 in Polearms
   701 | D:1      | Reached skill level 1 in Armour
   705 | D:1      | Reached XP level 3. HP: 10/26 MP: 1/6
  1488 | D:2      | Identified a scroll of acquirement
  1488 | D:2      | Acquired a book of Unlife
  1489 | D:2      | You pick up a book of Unlife and begin reading...
  1489 | D:2      | You add the spells Borgnjor's Vile Clutch, Death Channel
                  | and Simulacrum to your library.
  1931 | D:1      | HP: 5/26 [gnoll/+0 club (6)]
  1934 | D:1      | Reached XP level 4. HP: 4/32 MP: 1/7
  2215 | D:2      | Reached skill level 2 in Polearms
  2740 | D:2      | Noticed Natasha
  2747 | D:2      | HP: 7/32 [shadow imp[Natasha] (2)]
  2751 | D:2      | Slain by Natasha

Vanquished Creatures
  3 gnolls
  A worm (D:2)
  2 dart slugs
  A bat (D:2)
  An endoplasm (D:1)
  A giant cockroach (D:2)
  2 hobgoblins
  9 jackals (D:1)
  4 quokkas (D:1)
  5 ball pythons
  2 frilled lizards (D:1)
  6 rats
37 creatures vanquished.

Table legend:
 A = Non-vault XP
 B = Vault XP
 C = Vault XP percentage of total XP
 D = Non-vault monster count
 E = Vault monster count
 F = Vault count percentage of total count
                 A         B        C        D         E       F
            +---------+---------+-------+---------+---------+-------
      Total |     105 |       1 |   0.9 |      36 |       1 |   2.7
            +---------+---------+-------+---------+---------+-------
        D:1 |      57 |       1 |   1.7 |      25 |       1 |   3.8
        D:2 |      48 |       0 |   0.0 |      11 |       0 |   0.0
            +---------+---------+-------+---------+---------+-------

Illustrated notes

Table legend:
 A = Kills in this place as a percentage of kills in entire the game.
 B = Kills by you in this place as a percentage of kills by you in the entire game.
 C = Kills by friends in this place as a percentage of kills by friends in the entire game.
 D = Other kills in this place as a percentage of other kills in the entire game.
 E = Experience gained in this place as a percentage of experience gained in the entire game.
 F = Experience gained in this place divided by the number of levels of this place that you have seen.
                   A       B       C       D       E      F
               +-------+-------+-------+-------+-------+----------------------
         Total | 100.0 | 100.0 |   N/A |   N/A | 100.0 |  53.0
       Dungeon | 100.0 | 100.0 |   N/A |   N/A | 100.0 |  53.0
               +-------+-------+-------+-------+-------+----------------------

Table legend: (Time is in decaauts)
 A = Elapsed time spent in this place.
 B = Non-inter-level travel time spent in this place.
 C = Inter-level travel time spent in this place.
 D = Time resting spent in this place.
 E = Time spent auto-exploring this place.
 F = Levels seen in this place.
 G = Mean time per level.
                   A        B        C        D        E       F      G
               +--------+--------+--------+--------+--------+-----+--------+
         Total |   2754 |   2738 |     16 |    522 |   1915 |   2 | 1377.0 |
       Dungeon |   2754 |   2738 |     16 |    522 |   1915 |   2 | 1377.0 |
               +--------+--------+--------+--------+--------+-----+--------+

Top non-repeatable levels by time:
     D:1: 2019 daAuts
     D:2: 734 daAuts
